 Dungeon Crawl Stone Soup version 0.28.0-1-gb440e238dd (webtiles) character file.

Game seed: 15651778196176719784

42 Jase the Skirmisher (level 3, -2/30 HPs)
             Began as a Formicid Fighter on Feb 24, 2022.
             Slain by Jessica (8 damage)
             ... on level 2 of the Dungeon.
             The game lasted 00:02:27 (1378 turns).

Jase the Skirmisher (Formicid Fighter)              Turns: 1378, Time: 00:02:28

Health: -2/30      AC:  6    Str: 20    XL:     3   Next: 80%
Magic:  3/3        EV:  9    Int:  7    God:
Gold:   61         SH:  5    Dex: 12    Spells: 2/2 levels left

rFire   . . .      SeeInvis +   a - +0 war axe
rCold   . . .      Faith    .   c - +0 buckler
rNeg    . . .      Spirit   .   b - +0 scale mail
rPois   .          Reflect  .   (helmet unavailable)
rElec   .          Harm     .   (no cloak)
rCorr   .          Rampage  .   (no gloves)
Will    .....                   (no boots)
Stlth   ..........              (no amulet)
HPRegen 0.10/turn               (no ring)
MPRegen 0.08/turn               (no ring)

@: mighty
A: permanent stasis, dig shafts and tunnels, antennae 3, four strong arms
a: Dig, Shaft Self


You were on level 2 of the Dungeon.
You visited 1 branch of the dungeon, and saw 2 of its levels.

You collected 61 gold pieces.

Inventory:

Hand Weapons
 a - a +0 war axe (weapon)
Missiles
 g - 2 boomerangs (quivered)
 j - 2 stones
Armour
 b - a +0 scale mail (worn)
 c - a +0 buckler (worn)
Scrolls
 e - 2 scrolls of identify {unknown}
 f - 2 scrolls of amnesia {unknown}
 h - a scroll of holy word {unknown}
 i - 2 scrolls of fog {unknown}


   Skills:
 + Level 3.9 Fighting
 + Level 2.7 Axes
 + Level 3.5 Armour
 + Level 3.9 Shields


You had 2 spell levels left.
You didn't know any spells.
Your spell library contained the following spells:

 Spells                   Type           Power      Damage    Failure   Level
 Freeze                   Ice            0%         1d3       85%         1
 Corpse Rot               Necr/Air       0%         N/A       94%         2
 Poisonous Vapours        Pois/Air       0%         N/A       94%         2
 Frozen Ramparts          Ice            0%         1d2       99%         3
 Hailstorm                Conj/Ice       0%         3d3       100%        4


Dungeon Overview and Level Annotations

Branches:
Dungeon (2/15)

Altars:

Shops:
D:1 *

Annotations:
D:2 Jessica


Innate Abilities, Weirdness & Mutations

You cannot be hasted, slowed, berserked, paralysed or teleported.
You can dig through walls and to a lower floor.
You have a pair of large antennae on your head. (SInv)
Your four strong arms can wield two-handed weapons with a shield.


Message History

Found 4 gold pieces.
You slash the hobgoblin!
You kill the hobgoblin!
Found a book of Cantrips.
Jessica shouts!
You hear a bark!
A jackal comes into view. 2 jackals come into view.
Found a stone staircase leading down.
The jackal barks! x3
Jessica gestures wildly while chanting.
Jessica seems to speed up.
A jackal comes into view.
You closely miss Jessica.
Jessica drinks a potion.
Jessica seems to grow stronger.
Jessica mumbles something strange.
Jessica gestures at you while chanting. You resist with some effort.
Jessica points at you and mumbles some strange words.
Pain shoots through your body!
You closely miss Jessica. Jessica hits you with a +0 club!
Jessica barely misses you.
You feel very mighty all of a sudden. You block the jackal's attack.
Jessica gestures at you while chanting. Pain shoots through your body!
* * * LOW HITPOINT WARNING * * *
The jackal bites you but does no damage. x2
You barely miss Jessica. You slash the jackal!
You kill the jackal!
You hit the jackal.
You kill the jackal!
Jessica hits you with a +0 club.
* * * LOW HITPOINT WARNING * * *
You block Jessica's attack.
The jackal bites you but does no damage.
The jackal closely misses you.
You closely miss Jessica. You hit the jackal.
You kill the jackal!
You barely miss the jackal. Jessica hits you with a +0 club!
You die...

..>.... ....... .....:.
....... ....... # #####
##....... ..#######..(#
#@h......
............####@.......
.....................$..
.............###........
.............###........
.#...........†###.......
.........##......#......
#........####.....#.####
#........# ####....#
#........# #.....


You could see Jessica (fast, strong) and a jackal.

Vanquished Creatures
  An adder (D:2)
  A dart slug (D:1)
  3 bats
  7 endoplasms
  A goblin (D:2)
  3 hobgoblins
  5 jackals (D:2)
  3 ball pythons
  2 kobolds (D:2)
  2 rats (D:2)
  A bush (D:1)
29 creatures vanquished.

Notes
Turn   | Place    | Note
-------+----------+-------------------------------------------
     0 | D:1      | Jase the Formicid Fighter began the quest for the Orb.
     0 | D:1      | Reached XP level 1. HP: 18/18 MP: 1/1
   307 | D:1      | Found a faded altar of an unknown god.
   417 | D:1      | Found Dahul's Assorted Antiques.
   427 | D:1      | Reached XP level 2. HP: 24/24 MP: 2/2
   875 | D:2      | Reached XP level 3. HP: 7/30 MP: 3/3
  1336 | D:2      | Noticed Jessica
  1378 | D:2      | Slain by Jessica

Illustrated notes

Levels and vault maps discovered:
D:1:      dpeg_arrival_pits, layout_loops_ring, serial_shops, shop_statue,
          shapermc_ecumenical_altar_venn, chequers_serial_rivers_room_b,
          minmay_statues_item, minmay_hedge_maze, item_on_display_a
D:2:      layout_rooms, corexii_shack, uniq_jessica

Action                   || total
-------------------------++-------
Melee: War axe           ||   112
  Use: Potion            ||     1
Armor: Scale mail        ||    41
Dodge: Dodged            ||    31
Block: Buckler           ||    21
